 Dungeon Crawl Stone Soup version 0.31.0-1-g2c135a0 (webtiles) character file.

Game seed: 16579932312554302115

590 edsrzf the Sneak (level 7, 0/45 HPs)
             Began as an Octopode Reaver on Jan 31, 2024.
             Slain by a cerulean imp
             ... wielding a +4 spear
             ... summoned by Biscolet's ghost
              (8 damage)
             ... on level 4 of the Dungeon.
             The game lasted 00:07:21 (2942 turns).

edsrzf the Sneak (Octopode Reaver)                  Turns: 2942, Time: 00:07:23

Health: 0/45       AC:  1    Str: 11    XL:     7   Next: 39%
Magic:  10/10      EV: 23    Int: 18    God:
Gold:   154        SH:  0    Dex: 10    Spells: 9/10 levels left

rFire   . . .        a - +0 falchion
rCold   . . .        (no shield)
rNeg    . . .        (helmet restricted)
rPois   .            (no amulet)
rElec   .            g - +5 ring of evasion
rCorr   .            p - +5 ring of evasion
SInv    .            (no ring)
Will    .....        (no ring)
Stlth   ++++         (no ring)
HPRegen 0.27/turn    (no ring)
MPRegen 0.12/turn    (no ring)
                     (no ring)

%: no passive effects
@: no status effects
A: almost no armour, amphibious, 8 rings, camouflage 1, gelatinous body 1,
(nimble swimmer 1), tentacles
a: no special abilities


You were on level 4 of the Dungeon.
You visited 1 branch of the dungeon, and saw 4 of its levels.

You collected 154 gold pieces.

Inventory:

Hand Weapons
 a - a +0 falchion (weapon)
 b - a +1 dagger of flaming
Missiles
 c - 3 atropa-tipped darts
 o - a throwing net {=f}
Jewellery
 g - a +5 ring of evasion (left tentacle)
 p - a +5 ring of evasion (right tentacle)
Wands
 f - a wand of polymorph (7)
Scrolls
 d - 2 scrolls of enchant armour {unknown}
 e - 2 scrolls of identify
 h - a scroll of fear {unknown}
 j - a scroll of poison {unknown}
 k - a scroll of immolation {unknown}
 l - a scroll of enchant weapon {unknown}
 m - a scroll of blinking {unknown}
 r - a scroll of revelation {unknown}
 s - a scroll of fog {unknown}
Potions
 i - a potion of haste
 n - a potion of mutation {!q}
 q - 2 potions of curing
 t - a potion of berserk rage {!q}
 u - 2 potions of enlightenment


   Skills:
 - Level 2.0 Fighting
 + Level 6.2 Long Blades
 - Level 2.0 Dodging
 + Level 7.6 Stealth
 - Level 2.0 Spellcasting
 - Level 3.0 Conjurations


You had 9 spell levels left.
You knew the following spells:

 Your Spells              Type           Power      Damage    Failure   Level
a - Kiss of Death         Conj/Necr      28%        2d7       10%         1

Your spell library contained the following spells:

 Spells                   Type           Power      Damage    Failure   Level
 Momentum Strike          Conj/Tloc      14%        3d8       14%         2
 Apportation              Tloc           2%         N/A       19%         1
 Necrotise                Necr           4%         1d4       19%         1
 Call Imp                 Summ           2%         N/A       26%         2
 Jinxbite                 Hex            2%         N/A       26%         2
 Sublimation of Blood     Necr           1%         N/A       26%         2
 Hailstorm                Conj/Ice       7%         3d5       28%         3
 Vampiric Draining        Necr           1%         2d6       47%         3
 Martyr's Knell           Necr/Summ      1%         N/A       87%         4
 Alistair's Intoxication  Alch           0%         N/A       99%         5
 Curse of Agony           Necr           1%         N/A       99%         5
 Summon Hydra             Summ           0%         N/A       100%        7


Dungeon Overview and Level Annotations

Branches:
Dungeon (4/15)
 Temple: D:4-7

Altars:
Yredelemnul

Annotations:
D:4 Biscolet's ghost, amateur DjHW


Innate Abilities, Weirdness & Mutations

You cannot wear most types of armour.
You are amphibious.
You can wear up to eight rings at the same time.
Your skin changes colour to match your surroundings (Stealth+).
Your rubbery body absorbs attacks. (AC +1, EV +1)
((You are camouflaged when in or above water. (Stealth+)))
You have tentacles for arms and can constrict up to eight enemies at once.


Message History

Biscolet's ghost gestures wildly while chanting.
The kobold brigand misses you.
You hit the kobold brigand but do no damage.
You squeeze the kobold brigand.
The kobold brigand is severely wounded.
You constrict the kobold brigand.
The kobold brigand completely misses you.
You hit the kobold brigand.
You squeeze the kobold brigand, but do no damage.
The kobold brigand is almost dead.
You constrict the kobold brigand.
Biscolet's ghost gestures wildly while chanting.
Biscolet's ghost blinks!
The kobold brigand misses you.
You hit the kobold brigand.
You kill the kobold brigand!
The kobold throws a poisoned dart.
The poisoned dart completely misses you.
You slash the kobold!
You kill the kobold!
You miss the kobold. Your grab misses the kobold.
Biscolet's ghost wails, "I was like you once."
The kobold completely misses you.
You closely miss the kobold. You grab the kobold. You constrict the kobold.
The kobold hits you with a +0 whip.
You hit the kobold.
You kill the kobold!
You hit the kobold.
You kill the kobold!
You feel less fragile. The cerulean imp completely misses you.
Biscolet's ghost mumbles some strange words.
You closely miss the kobold. Your grab misses the kobold.
You squeeze the kobold.
You kill the kobold!
The cerulean imp hits you from afar with a +0 spear.
You barely miss the kobold. Your grab misses the kobold.
Your squeeze misses the kobold. The cerulean imp completely misses you.
The kobold hits you but does no damage.
You closely miss the kobold. Your grab misses the kobold.
The cerulean imp completely misses you.
Biscolet's ghost gestures wildly while chanting.
The kobold completely misses you.
You completely miss the kobold. You grab the kobold. You constrict the kobold.
The cerulean imp misses you.
You lose your grip on the kobold.
Okay, then.
As you read the scroll labelled MEEM XONLU, it crumbles to dust.
It is a scroll of identify.
i - a potion of haste The cerulean imp completely misses you.
As you read the scroll of identify, it crumbles to dust.
n - a potion of mutation The cerulean imp completely misses you.
Biscolet's ghost hits you.
As you read the scroll of identify, it crumbles to dust.
t - a potion of berserk rage The cerulean imp completely misses you.
Biscolet's ghost freezes you.
You are frozen!
As you read the scroll of identify, it crumbles to dust.
u - 2 potions of enlightenment The cerulean imp misses you.
Biscolet's ghost mumbles some strange words.
Biscolet's ghost blinks!
You hit the kobold.
You kill the kobold!
The cerulean imp misses you. The cerulean imp closely misses you.
You hit the kobold but do no damage. Your grab misses the kobold.
You squeeze the kobold.
You kill the kobold!
The cerulean imp completely misses you. The cerulean imp barely misses you.
The cerulean imp misses you.
Biscolet's ghost whispers, "Everlasting silence awaits you..."
The cerulean imp hits you from afar with a +0 spear.
The cerulean imp attacks as it pursues you!
The cerulean imp completely misses you. The cerulean imp barely misses you.
The cerulean imp attacks as it pursues you!
The cerulean imp hits you from afar with a +0 spear.
Biscolet's ghost casts a spell.
Biscolet's ghost blinks!
The cerulean imp misses you.
You start resting.
A cerulean imp is nearby!
The cerulean imp completely misses you.
You hit the cerulean imp. Your grab misses the cerulean imp.
The cerulean imp is lightly wounded.
The cerulean imp disappears in a puff of smoke!
The cerulean imp hits you with a +1 spear.
You hit the cerulean imp. You grab the cerulean imp.
The cerulean imp is moderately wounded.
You constrict the cerulean imp, but do no damage.
The cerulean imp completely misses you.
The cerulean imp hits you from afar with a +4 spear.
* * * LOW HITPOINT WARNING * * *
You hit the cerulean imp but do no damage.
You squeeze the cerulean imp, but do no damage.
The cerulean imp is moderately wounded.
You constrict the cerulean imp.
The cerulean imp hits you with a +1 spear.
* * * LOW HITPOINT WARNING * * *
The cerulean imp hits you from afar with a +4 spear!
You die...

#.# #####)##..### #.#
#.##..########## #.#
#.##...........# ..########
#.##.#.........# #.#......#
#5##.#...♣♣♣...# #.#.####.#
#.##.##..♣..♣..# #.#.# #.#
#5##.##....♣..|. #.#.# #.#
#####5##.##...♣♣♣... #.#.# #.#
##..@#.##.##.........
....####.####.###55##.##.........
.P.....#.....## ##÷...###.#####..
.~~.P........# #.######.# #.#
.~~~P..#####.## ##..###...# #.#
~~≈~...# ##.###.......### #.#
~~~~~..# ##...##.###.# #.#
~~~~~~.# ######.# #.# #.#
≈≈~≈~~.### #.# #.# #.#


You could see 2 cerulean imps.

Vanquished Creatures
  Sigmund (D:2)
  A water moccasin (D:4)
  A kobold brigand (D:4)
  A hound (D:4)
  Crazy Yiuf (D:3)
  Natasha (thrice) (D:2)
  4 adders
  5 dart slugs
  A ribbon worm (D:2)
  8 ball pythons
  6 bats
  5 endoplasms
  A giant cockroach (D:1)
  4 goblins
  7 hobgoblins
  6 jackals
  12 kobolds
  6 quokkas
  5 frilled lizards
  3 rats (D:2)
81 creatures vanquished.

Notes
Turn   | Place    | Note
-------+----------+-------------------------------------------
     0 | D:1      | edsrzf the Octopode Reaver began the quest for the Orb.
     0 | D:1      | Reached XP level 1. HP: 14/14 MP: 3/3
   102 | D:1      | Reached skill level 1 in Stealth
   166 | D:1      | Reached XP level 2. HP: 15/19 MP: 5/5
   216 | D:1      | Reached skill level 2 in Stealth
   529 | D:1      | Reached XP level 3. HP: 24/24 MP: 6/6
   879 | D:2      | Noticed Natasha
   887 | D:2      | Killed Natasha
   888 | D:2      | Reached skill level 4 in Long Blades
   888 | D:2      | Reached skill level 3 in Stealth
   888 | D:2      | Reached XP level 4. HP: 25/29 MP: 7/7
   959 | D:2      | Noticed Natasha
  1016 | D:2      | Reached skill level 4 in Stealth
  1183 | D:2      | Noticed Sigmund
  1209 | D:2      | Identified a potion of curing
  1211 | D:2      | Killed Sigmund
  1212 | D:2      | Reached skill level 5 in Long Blades
  1212 | D:2      | Reached skill level 5 in Stealth
  1212 | D:2      | Reached XP level 5. HP: 23/34 MP: 8/8
  1212 | D:2      | Reached XP level 6. HP: 26/39 MP: 9/9
  1310 | D:2      | Killed Natasha
  1311 | D:2      | Reached skill level 6 in Stealth
  1562 | D:2      | Noticed Natasha
  1566 | D:2      | Killed Natasha
  1654 | D:3      | Found Emaeneas's Antique Weapon Shoppe.
  1989 | D:3      | Found a runed translucent door.
  1990 | D:3      | Noticed Crazy Yiuf
  1999 | D:3      | Killed Crazy Yiuf
  2002 | D:3      | Identified the +7 hammer of Rukapp {holy, rPois rF++ Str-4}
  2293 | D:4      | Found a basalt altar of Yredelemnul.
  2413 | D:4      | Identified the +1 ring mail of the Wasteland {-Tele Will+++
                  | Regen+ Stlth-}
  2483 | D:4      | Noticed a water moccasin
  2488 | D:4      | Killed a water moccasin
  2489 | D:4      | Reached skill level 7 in Stealth
  2489 | D:4      | Reached XP level 7. HP: 39/45 MP: 10/10
  2664 | D:4      | Reached skill level 6 in Long Blades
  2755 | D:4      | Noticed Biscolet's ghost (amateur DjHW)
  2756 | D:4      | Found a runed translucent gate.
  2757 | D:4      | Found a runed translucent gate.
  2757 | D:4      | Found a runed translucent gate.
  2923 | D:4      | Identified 6 scrolls of identify
  2923 | D:4      | Identified a potion of haste
  2924 | D:4      | Identified a potion of mutation
  2925 | D:4      | Identified a potion of berserk rage
  2926 | D:4      | Identified 2 potions of enlightenment
  2942 | D:4      | Slain by a cerulean imp

Illustrated notes

Levels and vault maps discovered:
D:1:      wander_arrival_lonely_grave, layout_basic
D:2:      layout_loops_cross, grunt_ministairs_7, dreamdust_princess_corridor,
          minivault_24, uniq_natasha, uniq_sigmund
D:3:      layout_rooms, serial_shops, nicolae_shop_tiny_glass,
          uniq_crazy_yiuf_cottage
D:4:      layout_loops_ring, mainiacjoe_overflow_24_doors,
          gammafunk_ghost_nasty_kobolds, chequers_garden,
          guppyfry_early_lair_pool

Skill      XL: |  1  2  3  4  5  6  7 |
---------------+----------------------+-----
Stealth        | 1 2 3 5 7 |  7.6
Long Blades    | 4 5 6 |  6.2
Fighting       | |  2.0
Dodging        | |  2.0
Spellcasting   | |  2.0
Conjurations   | |  3.0

Action                     |  1- 3 |  4- 6 |  7- 9 || total
---------------------------+-------+-------+-------++-------
  Melee: Falchion          |    59 |    99 |    27 ||   185
         Tentacles         |    15 |    20 |     5 ||    40
         Constrict         |    13 |    22 |     7 ||    42
         Punch             |       |     1 |       ||     1
  Evoke: Wand              |       |     1 |       ||     1
    Use: Potion            |       |     1 |       ||     1
         Scroll            |       |       |     4 ||     4
   Stab: Sleeping          |     8 |     9 |     1 ||    18
 Armour: Skin              |    21 |    25 |    12 ||    58
  Dodge: Dodged            |    41 |    77 |    31 ||   149
